 Dungeon Crawl Stone Soup version 0.19.1-1-g22dce08 (webtiles) character file.

406 truemonolith the Conjurer (level 6, 0/32 HPs)
             Began as a Deep Elf Conjurer on Jan 11, 2017.
             Slain by a slave (4 damage)
             ... led by Pikel
             ... on level 3 of the Dungeon.
             The game lasted 00:09:52 (4686 turns).

truemonolith the Conjurer (Deep Elf Conjurer)       Turns: 4686, Time: 00:09:52

Health: 0/32       AC:  7    Str:  5    XL:     6   Next: 56%
Magic:  11/16      EV: 13    Int: 22    God:
Gold:   147        SH:  0    Dex: 15    Spells: 4 memorised, 3 levels left

rFire  . . .     SeeInvis .     q - +5 club
rCold  . . .     Gourm    .     a - +1 robe
rNeg   . . .     Faith    .     (no shield)
rPois  .         Spirit   .     (no helmet)
rElec  .         Reflect  .     l - +2 cloak
rCorr  .         Harm     .     (no gloves)
MR     .....                    (no boots)
Stlth  ++........               (no amulet)
                                (no ring)
                                n - +1 ring of protection

@: no status effects
A: no striking features
a: no special abilities


You were on level 3 of the Dungeon.
You were not hungry.

You visited 1 branch of the dungeon, and saw 4 of its levels.

You collected 147 gold pieces.

Inventory:

Hand Weapons
 q - a +5 club (weapon)
Armour
 a - a +1 robe (worn)
 l - a +2 cloak (worn)
Jewellery
 n - a +1 ring of protection (left hand)
Scrolls
 d - 2 scrolls of enchant armour
 e - 5 scrolls of identify
 f - 7 scrolls of remove curse
 k - a scroll of immolation {unknown}
 p - a scroll of magic mapping {unknown}
 r - a scroll of fog {unknown}
 s - a scroll of noise {unknown}
 t - a scroll of recharging
 u - a scroll of blinking {unknown}
Potions
 g - a potion of cancellation {unknown}
 i - a potion of resistance {unknown}
 j - a potion of berserk rage {unknown}
 m - a potion of flight {unknown}
 o - a potion of heal wounds {unknown}
Books
 b - a book of Conjurations

   Spells                             Type                      Level
   a - Magic Dart                     Conjuration                  1
   b - Searing Ray                    Conjuration                  2
   c - Dazzling Spray                 Conjuration/Hexes            3
   d - Fulminant Prism                Conjuration/Hexes            4
   e - Iskenderun's Mystic Blast      Conjuration                  4
   f - Iskenderun's Battlesphere      Conjuration/Charms           5
Comestibles
 c - 2 bread rations
 h - a beef jerky
 v - a meat ration


   Skills:
 - Level 2.4 Dodging
 - Level 2.4 Stealth
 - Level 5.5 Spellcasting
 + Level 6.3 Conjurations
 - Level 5.0 Hexes


You had 3 spell levels left.
You knew the following spells:

 Your Spells              Type           Power        Failure   Level  Hunger
a - Magic Dart            Conj           ####         1%          1    None
b - Dazzling Spray        Conj/Hex       ####..       2%          3    ##.....
c - Iskenderun's Battles  Conj/Chrm      ###.....     75%         5    #####..
d - Iskenderun's Mystic   Conj           ####....     10%         4    ####...


Dungeon Overview and Level Annotations

Branches:
Dungeon (4/15)
 Temple: D:4-7

Altars:
Ashenzari
Cheibriados
Nemelex Xobeh
Okawaru

Annotations:
D:3 Paps's ghost, weakling DsFi; Pikel


Message History

The magic dart hits the slave.
The slave is moderately wounded.
The slave misses you. The slave hits you. The slave closely misses you.
There is a stone staircase leading up here.
The slave hits you. x2
You climb upwards.
Level annotation: Paps's ghost, weakling DsFi; Pikel
There is a stone staircase leading down, spattered with blood here.
Unknown command.
Okay, then.
The slave hits you!
* * * LOW HITPOINT WARNING * * *
Paps's ghost turns its malevolent gaze towards you.
You see here a spear.
Paps's ghost misses you. The slave hits you but does no damage.
Paps's ghost barely misses you. The slave hits you.
You die...

#...#....#†#####.##
####.###.##...##....###
#......#.###..(..####..
#........##.....## ##.#
#.......###.....####..#
#.......###.......#...#
#####..................
#......#...........
#.@....#...........
###Wpp.###........)..
#.....## ##..........
#.....# ###.........
#.....####......W....
#.....##...#########.
#####............#.......
#.........)....>.........
#......).....>...........


You could see 2 slaves and Paps's ghost.

Vanquished Creatures
  A slave (D:4)
  An ogre (D:4)
  A hound (D:4)
  2 orc priests (D:4)
  A bullfrog skeleton (D:4)
  Ijyb (D:3)
  A worker ant (D:4)
  4 adders
  3 gnolls (D:3)
  An ooze (D:1)
  3 dart slugs
  A worm (D:2)
  3 leopard geckos (D:3)
  5 giant cockroaches
  4 goblins
  8 hobgoblins
  3 jackals (D:3)
  5 quokkas
  11 bats
  A frilled lizard (D:1)
  12 kobolds
  12 rats
84 creatures vanquished.

Notes
Turn   | Place    | Note
-------+----------+-------------------------------------------
     0 | D:1      | truemonolith the Deep Elf Conjurer began the quest for the Orb.
     0 | D:1      | Reached XP level 1. HP: 10/10 MP: 6/6
   551 | D:1      | Reached XP level 2. HP: 15/15 MP: 6/8
  1050 | D:1      | Reached XP level 3. HP: 19/19 MP: 9/11
  1131 | D:1      | Reached skill level 5 in Spellcasting
  1242 | D:1      | Learned a level 3 spell: Dazzling Spray
  1406 | D:2      | Found a shattered altar of Ashenzari.
  1645 | D:2      | Found an iron altar of Okawaru.
  1803 | D:2      | You fall through a shaft!
  1803 | D:3      | Noticed Paps's ghost (weakling DsFi)
  2223 | D:3      | Reached skill level 1 in Hexes
  2440 | D:3      | Reached XP level 4. HP: 24/24 MP: 10/13
  2628 | D:3      | Noticed Ijyb
  2635 | D:3      | Killed Ijyb
  3049 | D:3      | Reached XP level 5. HP: 28/28 MP: 3/15
  3242 | D:3      | Found a snail-covered altar of Cheibriados.
  3395 | D:4      | Found a sparkling altar of Nemelex Xobeh.
  3451 | D:4      | Reached skill level 5 in Hexes
  3458 | D:4      | Learned a level 5 spell: Iskenderun's Battlesphere
  3463 | D:4      | Learned a level 4 spell: Iskenderun's Mystic Blast
  3739 | D:4      | Noticed an ogre
  3740 | D:4      | Reached skill level 5 in Conjurations
  3786 | D:4      | Killed an ogre
  3786 | D:4      | Reached XP level 6. HP: 15/32 MP: 1/16
  4012 | D:4      | Reached skill level 6 in Conjurations
  4018 | D:4      | Noticed Pikel
  4018 | D:4      | Noticed a slave
  4019 | D:4      | Noticed a slave
  4031 | D:4      | Noticed a slave
  4366 | D:4      | Noticed a slave
  4391 | D:4      | Killed a slave
  4686 | D:3      | Slain by a slave

Skill      XL: |  1  2  3  4  5  6 |
---------------+-------------------+-----
Spellcasting   | 4 5 |  5.5
Hexes          | 1 4 5 |  5.0
Conjurations   | 5 6 |  6.3
Dodging        | |  2.4
Stealth        | |  2.4

Action                   |  1- 3 |  4- 6 || total
-------------------------+-------+-------++-------
Melee: Unarmed           |     1 |       ||     1
       Club              |       |     3 ||     3
 Cast: Magic Dart        |    90 |   133 ||   223
       Dazzling Spray    |       |    12 ||    12
  Use: Scroll            |     6 |     1 ||     7
  Eat: Chunk             |     4 |       ||     4
       Bread ration      |       |     2 ||     2
Armor: Robe              |     6 |    19 ||    25
Dodge: Dodged            |    24 |    45 ||    69
